 Dungeon Crawl Stone Soup version 0.29-a0-824-gd827844252 (webtiles) character file.

Game seed: 3871932349661573619

508 freelancePsychic the Chiller (level 6, -1/48 (51) HPs)
             Began as a Demigod Ice Elementalist on July 10, 2022.
             Slain by an ogre
             ... wielding a +0 giant spiked club
              (26 damage)
             ... on level 5 of the Dungeon.
             The game lasted 00:12:29 (6665 turns).

freelancePsychic the Chiller (DgIE)                 Turns: 6665, Time: 00:12:29

HP:   -1/48 (51)    AC: 13    Str:  9    XL:     6   Next: 65%
MP:   4/13          EV: 10    Int: 25    God:
Gold: 153           SH:  0    Dex: 14    Spells: 3/10 levels left

rFire   . . .      SeeInvis .   a - +3 whip (freeze)
rCold   . . .      Faith    .   (no shield)
rNeg    . . .      Spirit   .   h - +1 ring mail {Will+}
rPois   .          Reflect  .   (no helmet)
rElec   .          Harm     .   (no cloak)
rCorr   .          Rampage  .   s - +0 pair of gloves
Will    +....                   r - +0 pair of boots
Stlth   ++........              (no amulet)
HPRegen 0.16/turn               (no ring)
MPRegen 0.13/turn               (no ring)

@: ice-armoured, freezing walls, very slightly contaminated, drained
A: high MP 1, forlorn, divine attributes
a: no special abilities


You were on level 5 of the Dungeon.
You visited 1 branch of the dungeon, and saw 5 of its levels.

You collected 261 gold pieces.
You spent 108 gold pieces at shops.

Inventory:

Hand Weapons
 a - a +3 whip of freezing (weapon)
 d - a +2 vampiric short sword
Armour
 h - a +1 ring mail of willpower (worn)
 k - a +0 robe
 r - a +0 pair of boots (worn)
 s - a +0 pair of gloves (worn)
 y - a +0 buckler
Magical Staves
 b - a staff of cold
Jewellery
 m - an amulet of guardian spirit
Scrolls
 e - 2 scrolls of fear
 i - a scroll of fog
 o - a scroll of vulnerability
 p - a scroll of enchant weapon {unknown}
 q - a scroll of amnesia
 z - a scroll of poison {unknown}
Potions
 c - a potion of heal wounds {unknown}
 f - 2 potions of lignification {unknown}
 g - 2 potions of might
 j - a potion of magic
 l - a potion of attraction {unknown}
 n - 3 potions of curing {unknown}
 t - a potion of resistance {unknown}
 u - 2 potions of invisibility {unknown}
 v - a potion of berserk rage {unknown}
 w - a potion of brilliance {unknown}
 x - a potion of haste {unknown}


   Skills:
 + Level 3.3 Fighting
 - Level 1.7 Dodging
 + Level 3.2 Stealth
 - Level 2.8 Spellcasting
 + Level 5.7 Ice Magic


You had 3 spell levels left.
You knew the following spells:

 Your Spells              Type           Power      Damage    Failure   Level
a - Freeze                Ice            100%       1d11      2%          1
b - Frozen Ramparts       Ice            64%        1d8       9%          3
c - Ozocubu's Armour      Ice            32%        N/A       9%          3

Your spell library contained the following spells:

 Spells                   Type           Power      Damage    Failure   Level
 Slow                     Hex            12%        N/A       28%         1
 Confusing Touch          Hex            3%         N/A       65%         3
 Vampiric Draining        Necr           3%         2d6       65%         3
 Hailstorm                Conj/Ice       17%        3d6       65%         4


Dungeon Overview and Level Annotations

Branches:
Dungeon (5/15)             Temple (0/1) D:4

Shops:
D:3 [

Annotations:
D:4 Dowan, Duvessa, Menkaure


Innate Abilities, Weirdness & Mutations

You have an increased reservoir of magic. (+10% MP)
You shall have no god before yourself.
Your divine heritage dramatically boosts your attributes as you level up.


Message History

Your icy armour starts to melt.
Your icy armour evaporates.
e - 2 scrolls of fear (gained 1)
You see here a +0 leather armour.
Found a dagger.
Your +3 whip of freezing stops glowing.
b - a staff of cold (weapon)
Found a stone staircase leading down.
f - 2 viscous coppery potions (gained 1)
You open the door.
There is an open door here.
An ogre comes into view. It is wielding a +0 giant spiked club.
The ogre shouts!
There is an open door here.
Casting: Ozocubu's Armour (dangerous; 9% risk of failure)
Confirm with . or Enter, or press ? or * to list all spells.
You feel a surge of power!
You miscast Ozocubu's Armour.
You are very lightly contaminated with residual magic.
Nothing appears to happen.
Casting: Ozocubu's Armour (dangerous; 9% risk of failure)
Confirm with . or Enter, or press ? or * to list all spells.
Casting: Frozen Ramparts (dangerous; 9% risk of failure)
Press: ? - help, Dir - look around, f - activate An open door.
You feel a surge of power!
The walls around you are covered in ice.
The wall freezes the ogre.
Casting: Frozen Ramparts (dangerous; 9% risk of failure)
Confirm with . or Enter, or press ? or * to list all spells.
You feel a surge of power! A film of ice covers your body!
The wall freezes the ogre.
The ogre hits you with a +0 giant spiked club!!
Your +3 whip of freezing glows with a cold blue light!
a - a +3 whip of freezing (weapon)
You hit the ogre. You freeze the ogre.
The ogre is heavily wounded.
The wall freezes the ogre.
The ogre hits you with a +0 giant spiked club!!
Ouch! That really hurt!
You die...

#......# #........
#......#######........
#...............######
#>..............#.....
#...............#..... ..
#...............#..... ..O
#...)...........###### #...
#......##+#...........
#...#######@## #...........
..........O..# #...........
.............#. #...........
.............#..#...........
.............#..#...........
##+###..###.##..#..<........
#..# ####..###.....####
..... ........'.....# #
...... ........#.....# #


You could see an ogre.

Vanquished Creatures
  2 scorpions
  3 hounds (D:4)
  An orc priest (D:3)
  An orc wizard (D:3)
  4 adders
  4 shadow imps (D:4)
  2 white imps
  4 ufetubi
  2 worms (D:2)
  4 dart slugs
  14 orcs
  6 ball pythons
  4 bats
  11 endoplasms
  3 giant cockroaches
  7 goblins
  10 hobgoblins
  10 jackals
  4 kobolds
  4 quokkas
  5 frilled lizards
  22 rats
127 creatures vanquished.

Vanquished Creatures (others)
  15 demonic plants (D:4)
  8 plants (D:4)
23 creatures vanquished.

Grand Total: 150 creatures vanquished

Notes
Turn   | Place    | Note
-------+----------+-------------------------------------------
     0 | D:1      | freelancePsychic the Demigod Ice Elementalist began the
                  | quest for the Orb.
     0 | D:1      | Reached XP level 1. HP: 14/14 MP: 5/5
     6 | D:1      | Noticed a wyvern
     6 | D:1      | Noticed a salamander
     6 | D:1      | Noticed a lindwurm
     7 | D:1      | Noticed a black bear
   340 | D:1      | Reached XP level 2. HP: 22/22 MP: 5/7
   627 | D:1      | Reached skill level 4 in Ice Magic
  1468 | D:2      | Reached skill level 1 in Fighting
  1673 | D:1      | Reached XP level 3. HP: 14/28 MP: 4/8
  1877 | D:1      | Learned a level 3 spell: Frozen Ramparts
  2834 | D:3      | Reached XP level 4. HP: 36/36 MP: 4/10
  3252 | D:3      | Found Jinupoc's Armour Shoppe.
  3255 | D:3      | Bought a +0 pair of boots for 54 gold pieces
  3255 | D:3      | Bought a +0 pair of gloves for 54 gold pieces
  3313 | D:3      | Reached skill level 5 in Ice Magic
  3313 | D:3      | Reached XP level 5. HP: 41/41 MP: 8/12
  4393 | D:4      | Learned a level 3 spell: Ozocubu's Armour
  4549 | D:4      | Reached XP level 6. HP: 50/50 MP: 4/13
  4863 | D:4      | Noticed Duvessa
  4952 | D:4      | Noticed Dowan
  5149 | D:4      | Noticed Menkaure
  5471 | D:4      | Found a staircase to the Ecumenical Temple.
  5789 | D:5      | Entered Level 5 of the Dungeon
  6665 | D:5      | Slain by an ogre

Illustrated notes

Levels and vault maps discovered:
D:1:      onia_arrival_zoo_common, layout_basic,
          ebering_ecumenical_altar_petrified, minmay_cut_off
D:2:      layout_basic, chequers_serial_rivers_small_b, fountainhead
D:3:      layout_basic, nicolae_qazlal_eye_of_the_storm,
          mainiacjoe_overflow_24_doors, mainiacjoe_overflow_surrounded_room,
          serial_shops, nicolae_shop_behind_doors, grunt_decor_cap
D:4:      layout_loops_ring, mainiacjoe_overflow_alcove_2,
          mainiacjoe_overflow_tiny_flanked, minmay_temple_entry_gardened_gates,
          serial_demonic, serial_demonic_g, serial_demonic_f, serial_demonic_b,
          serial_demonic_a, minmay_rat_hole, uniq_duvessa, uniq_menkaure
D:5:      layout_gridville

Skill      XL: |  1  2  3  4  5  6 |
---------------+-------------------+-----
Spellcasting   | 2 |  2.8
Ice Magic      | 4 5 |  5.7
Fighting       | 1 2 3 |  3.3
Stealth        | 2 3 |  3.2
Dodging        | |  1.7

Action                   |  1- 3 |  4- 6 || total
-------------------------+-------+-------++-------
Melee: Spear             |    27 |       ||    27
       Short sword       |    27 |       ||    27
       Staff             |     2 |    72 ||    74
       Whip              |       |    42 ||    42
       Punch             |       |     1 ||     1
 Cast: Freeze            |    48 |    20 ||    68
       Frozen Ramparts   |     4 |    20 ||    24
       Ozocubu's Armour  |       |     9 ||     9
  Use: Scroll            |     2 |     8 ||    10
       Potion            |       |     1 ||     1
 Stab: Sleeping          |     8 |     2 ||    10
       Distracted        |       |     1 ||     1
Armor: Robe              |    15 |    33 ||    48
       Ring mail         |       |    10 ||    10
Dodge: Dodged            |    45 |    96 ||   141

Table legend: (Time is in decaauts)
 A = Elapsed time spent in this place.
 B = Non-inter-level travel time spent in this place.
 C = Inter-level travel time spent in this place.
 D = Time resting spent in this place.
 E = Time spent auto-exploring this place.
 F = Levels seen in this place.
 G = Mean time per level.
                   A        B        C        D        E       F      G
               +--------+--------+--------+--------+--------+-----+--------+
         Total |   6685 |   6567 |    118 |    794 |   4797 |   5 | 1337.0 |
       Dungeon |   6685 |   6567 |    118 |    794 |   4797 |   5 | 1337.0 |
               +--------+--------+--------+--------+--------+-----+--------+

Top non-repeatable levels by time:
     D:1: 1820 daAuts
     D:3: 1661 daAuts
     D:4: 1466 daAuts
     D:5: 879 daAuts
     D:2: 856 daAuts
